 Dungeon Crawl Stone Soup version 0.28-a0-1182-g381e24db82 (webtiles) character file.

Game seed: 13362352058002407384

144 spaghetti the Shield-Bearer (level 4, -1/35 HPs)
             Began as a Demigod Wanderer on Dec 16, 2021.
             Shot with an arrow by a centaur (2 damage)
             ... on level 5 of the Dungeon.
             The game lasted 00:05:27 (4386 turns).

spaghetti the Shield-Bearer (Demigod Wanderer)      Turns: 4386, Time: 00:05:28

Health: -1/35      AC:  3    Str: 17    XL:     4   Next: 77%
Magic:  6/6        EV: 11    Int: 12    God:
Gold:   131        SH:  7    Dex: 15    Spells: 3/3 levels left

rFire   . . .      SeeInvis .   a - +0 falchion (protect) {long}
rCold   . . .      Faith    .   b - +2 buckler
rNeg    . . .      Spirit   .   e - +0 leather armour
rPois   .          Reflect  .   (no helmet)
rElec   .          Harm     .   (no cloak)
rCorr   .          Rampage  .   (no gloves)
Will    .....                   (no boots)
Stlth   +.........              (no amulet)
HPRegen 0.11/turn               (no ring)
MPRegen 0.10/turn               (no ring)

@: lethally poisoned (-1 -> -8)
A: high mp 1, forlorn, divine attributes
a: no special abilities


You were on level 5 of the Dungeon.
You visited 1 branch of the dungeon, and saw 6 of its levels.

You collected 131 gold pieces.


Innate Abilities, Weirdness & Mutations

You have an increased reservoir of magic. (+10% MP)
You shall have no god before yourself.
Your divine heritage dramatically boosts your attributes as you level up.


   Skills:
 - Level 1.0 Fighting
 + Level 4.5 Long Blades
 - Level 1.7 Throwing
 - Level 1.0 Stealth
 - Level 4.5 Shields


You had 3 spell levels left.
You didn't know any spells.
Your spell library contained the following spells:

 Spells                   Type           Power      Damage    Failure   Level
 Corpse Rot               Necr/Air       0%         N/A       52%         2
 Poisonous Vapours        Pois/Air       0%         N/A       52%         2

Inventory:

Hand Weapons
 a - a +0 falchion of protection (weapon) {long}
 d - a +0 dagger {short}
Missiles
 c - 9 poisoned darts (quivered) {throwing}
 f - 28 stones {throwing}
 k - 5 curare-tipped darts {=fthrowing}
 m - 14 arrows
 n - 21 bolts
Armour
 b - a +2 buckler (worn)
 e - a +0 leather armour (worn)
Jewellery
 j - an amulet of faith {!P}
   (You found it on level 2 of the Dungeon)
 l - a ring of fire
   (You found it on level 3 of the Dungeon)
Wands
 i - a wand of digging (4)
   (You found it on level 2 of the Dungeon)
Scrolls
 g - a scroll of teleportation {@r4}
 h - a scroll of identify {@r1}

Dungeon Overview and Level Annotations

Branches:
Dungeon (6/15)
 Temple: D:4-7

##...).## #[..#
#.......## ####
#........#S##
>........##.##
.....#...###.#
$######..##.#.#
#..#.###.#
##SSc## #.#
#.@.## ## ##.##
#.## ##


You could see a centaur and 2 adders.


Message History

Unknown command.
Found a stone staircase leading up.
An adder skeleton comes into view.
You see here a scroll labelled YWOATZUZOS.
The orc barely misses you.
An orc comes into view. It is wielding a +0 dagger.
The adder bites you.
You are poisoned.
The adder poisons you!
The endoplasm barely misses you. 😮 HP[-1]
You take 1 damage, and now have 19/35 hp.
You feel sick.
You block the adder skeleton's attack. 😨 HP[-2]
You take 2 damage, and now have 17/35 hp.
You feel sick. You block the adder skeleton's attack.
You block the adder's attack.
Found a stone staircase leading down.
You feel sick. You block the adder skeleton's attack.
There is a stone staircase leading down here. 😨 HP[-1]
You take 1 damage, and now have 16/35 hp.
You feel sick. The adder completely misses you.
You climb downwards.
You feel sick.
There is a stone staircase leading up here. 😨 HP[-2]
You take 2 damage, and now have 14/35 hp.
Unknown command.
Unknown command.
Unknown command.
You aren't carrying any potions.
As you read the scroll of teleportation {@r4}, it crumbles to dust.
You feel strangely unstable.
You feel sick.
You are no longer poisoned.
The adder bites you but does no damage. The adder bites you.
* * * LOW HITPOINT WARNING * * *
The centaur shouts! 😨 HP[-5]
You take 5 damage, and now have 9/35 hp.
You aren't carrying any potions.
Okay, then.
You aren't carrying any potions.
Okay, then.
You hit the centaur.
Your weapon exudes an aura of protection.
The adder hisses angrily.
The centaur barely misses you.
The centaur kicks you but does no damage.
The adder bites you but does no damage.
The centaur hits you but does no damage.
You block the centaur's attack.
Unknown command.
You are about to teleport.
Your weapon is exuding a protective aura.
Your movement speed is average.
Your attack delay is about 1.0.
You are about to teleport.
Your weapon is exuding a protective aura.
Your movement speed is average.
Your attack delay is about 1.0.
You barely miss the centaur.
Your surroundings seem slightly different.
Found 13 gold pieces.
Found a stone staircase leading down.
The centaur wields a +0 shortbow.
The centaur shoots an arrow.
You block the arrow.
Unknown command.
Unknown command.
Aiming: Dig
Press: ? - help, Shift-Dir - straight line A rock wall.
The rock shatters into small pieces.
The centaur shoots an arrow.
The arrow hits you.
* * * LOW HITPOINT WARNING * * *
😱 HP[-5]
You take 5 damage, and now have 4/35 hp.
Found a stone staircase leading down. 😱 HP[+1]
Okay, then.
Aiming: Dig
Press: ? - help, Shift-Dir - straight line A rock wall.
The rock shatters into small pieces.
The adder barely misses you. You block the adder's attack.
There is a stone staircase leading down here.
The adder barely misses you.
You climb downwards.
The centaur shouts!
You hear a bark!
There is a stone staircase leading up here. 😱 HP[+1] Unknown command.
Unknown command.
You aren't carrying any potions.
Okay, then.
The adder bites you but does no damage.
The centaur wields a +0 shortbow.
The centaur shoots an arrow.
You block the arrow. The adder bites you.
* * * LOW HITPOINT WARNING * * *
You climb upwards.
You block the adder's attack. The adder bites you.
* * * LOW HITPOINT WARNING * * *
You are lethally poisoned!
The adder poisons you!
The centaur shoots an arrow.
The arrow hits you.
You die...

Skill      XL: |  1  2  3  4 |
---------------+-------------+-----
Long Blades    | 2 3 4 |  4.5
Fighting       | |  1.0
Throwing       | |  1.7
Stealth        | |  1.0
Shields        | |  4.5

Action                   |  1- 3 |  4- 6 || total
-------------------------+-------+-------++-------
Melee: Falchion          |   196 |    68 ||   264
Throw: Dart              |       |     4 ||     4
Evoke: Wand              |       |     2 ||     2
  Use: Scroll            |     5 |     3 ||     8
       Potion            |     1 |       ||     1
 Stab: Sleeping          |     4 |     1 ||     5
Armor: Leather armour    |    53 |    26 ||    79
Dodge: Dodged            |    85 |    28 ||   113
Block: Buckler           |    77 |    34 ||   111

Levels and vault maps discovered:
D:1:      onia_arrival_pyramid, layout_loops_ring, serial_forest,
          infiniplex_forest_clump_large, infiniplex_forest_lined_2,
          infiniplex_forest_end_double, infiniplex_forest_straight_4,
          infiniplex_forest_clump_long, infiniplex_forest_zigzag_1,
          infiniplex_forest_lined_2
D:2:      layout_loops_corners, basic_altar, ebering_ecumenical_altar_box,
          uniq_terence
D:3:      layout_rooms, portal_sewer_entry_d
D:4:      layout_gridville, uniq_crazy_yiuf_cottage
D:5:      layout_layer_cave, minmay_temple_entry_stoned_glass
D:6:      layout_cave_pools

Notes
Turn   | Place    | Note
-------+----------+-------------------------------------------
     0 | D:1      | spaghetti the Demigod Wanderer began the quest for the Orb.
     0 | D:1      | spaghetti set off with the following items: a +0 falchion
                  | {long}, a +2 buckler, 13 poisoned darts {throwing}, a +0
                  | dagger {short}, a +0 leather armour
     0 | D:1      | Reached XP level 1. HP: 16/16 MP: 3/3
     0 | D:1      | magus.rc [v1.9.6]
   599 | D:1      | Reached skill level 2 in Long Blades
   674 | D:1      | Reached XP level 2. HP: 20/23 MP: 4/4
  1821 | D:2      | Reached XP level 3. HP: 28/28 MP: 5/5
  1975 | D:2      | Reached skill level 3 in Long Blades
  2063 | D:2      | HP: 7/28 [poisoned by an adder]
  2900 | D:2      | Reached XP level 4. HP: 22/35 MP: 6/6
  3089 | D:2      | Noticed Terence
  3106 | D:2      | Killed Terence
  3107 | D:2      | Reached skill level 4 in Long Blades
  3462 | D:3      | HP: 8/35 [poisoned by a kobold]
  3466 | D:2      | HP: 3/35 [poisoned by a kobold]
  4352 | D:4      | You pick up a book of Vapours and begin reading...
  4352 | D:4      | You add the spells Poisonous Vapours and Corpse Rot to your
                  | library.
  4367 | D:5      | Entered Level 5 of the Dungeon
  4367 | D:5      | Noticed a centaur
  4372 | D:5      | HP: 4/35 [centaur/arrow (5)]
  4384 | D:6      | Noticed a centaur
  4385 | D:6      | HP: 5/35 [adder (1)]
  4386 | D:5      | HP: 1/35 [adder (4)]
  4386 | D:5      | Shot with an arrow by a centaur

Vanquished Creatures
  Terence (D:2)
  5 adders
  2 worms
  A dart slug (D:2)
  3 orcs
  3 endoplasms
  3 giant cockroaches
  7 hobgoblins
  9 kobolds
  2 quokkas
  7 ball pythons
  4 bats
  5 frilled lizards
  5 goblins
  6 rats
63 creatures vanquished.

Table legend:
 A = Non-vault XP
 B = Vault XP
 C = Vault XP percentage of total XP
 D = Non-vault monster count
 E = Vault monster count
 F = Vault count percentage of total count
                 A         B        C        D         E       F
            +---------+---------+-------+---------+---------+-------
      Total |     171 |      36 |  17.4 |      62 |       1 |   1.6
            +---------+---------+-------+---------+---------+-------
        D:1 |      26 |       0 |   0.0 |      17 |       0 |   0.0
        D:2 |     103 |      36 |  25.9 |      28 |       1 |   3.4
        D:3 |      42 |       0 |   0.0 |      17 |       0 |   0.0
            +---------+---------+-------+---------+---------+-------

Illustrated notes

Table legend:
 A = Kills in this place as a percentage of kills in entire the game.
 B = Kills by you in this place as a percentage of kills by you in the entire game.
 C = Kills by friends in this place as a percentage of kills by friends in the entire game.
 D = Other kills in this place as a percentage of other kills in the entire game.
 E = Experience gained in this place as a percentage of experience gained in the entire game.
 F = Experience gained in this place divided by the number of levels of this place that you have seen.
                   A       B       C       D       E      F
               +-------+-------+-------+-------+-------+----------------------
         Total | 100.0 | 100.0 |   N/A |   N/A | 100.0 |  34.5
       Dungeon | 100.0 | 100.0 |   N/A |   N/A | 100.0 |  34.5
               +-------+-------+-------+-------+-------+----------------------

Table legend: (Time is in decaauts)
 A = Elapsed time spent in this place.
 B = Non-inter-level travel time spent in this place.
 C = Inter-level travel time spent in this place.
 D = Time resting spent in this place.
 E = Time spent auto-exploring this place.
 F = Levels seen in this place.
 G = Mean time per level.
                   A        B        C        D        E       F      G
               +--------+--------+--------+--------+--------+-----+--------+
         Total |   4425 |   4342 |     83 |   1371 |   2352 |   6 |  737.5 |
       Dungeon |   4425 |   4342 |     83 |   1371 |   2352 |   6 |  737.5 |
               +--------+--------+--------+--------+--------+-----+--------+

Top non-repeatable levels by time:
     D:2: 2414 daAuts
     D:1: 1497 daAuts
     D:3: 416 daAuts
     D:4: 78 daAuts
     D:5: 16 daAuts
     D:6: 1 daAuts
